Red Wings vs Hurricanes

Created - January 20, 2024 at 08:49

Goals
1 2 3 T
Red Wings 0 1 0 1
Hurricanes 3 0 0 3
Shots
1 2 3 T
Red Wings 6 8 8 22
Hurricanes 18 15 14 47

1st period

1. Hurricanes , Patrice Bergeron 15 (Andrew Mangiapane 15, Justin Holl 16) at 9:46 (PP)
2. Hurricanes , Mikhail Sergachev 3 (Brandon Montour 9, Jonathan Marchessault 10) at 12:24 (PP)
3. Hurricanes , Jonathan Marchessault 6 (Shayne Gostisbehere 17, Vitek Vanecek) at 13:43

Penalties :
Brayden McNabb (DET) for Tripping (Minor) at 0:54, Josh Anderson (DET) for High sticking (Minor) at 5:32, Pavel Buchnevich (DET) for Slashing (Minor) at 8:42, Brayden McNabb (DET) for Hooking (Minor) at 10:52, Brayden McNabb (DET) for Hooking (Minor) at 19:20

2nd period

4. Red Wings , Elias Pettersson 25 (Leon Draisaitl 36) at 19:55 (PP)

Penalties :
Brayden McNabb (DET) for Roughing (Minor) at 3:45, Jani Hakanpaa (DET) for Hooking (Minor) at 11:43, Justin Holl (CAR) for Interference (Minor) at 14:45, Justin Holl (CAR) for Goalie Interference (Minor) at 18:50

3rd period

No Goal

Penalties :
Brayden McNabb (DET) for High sticking (Minor) at 1:07, Ryan Nugent-Hopkins (DET) for Holding (Minor) at 4:21, Brayden McNabb (DET) for Hooking (Minor) at 7:59, Curtis Lazar (CAR) for Hooking (Minor) at 13:53

Goalie Stats

Linus Ullmark (DET), 44 saves from 47 shots - (0.936), L, 33-6-0, 60:00 minutes
Vitek Vanecek (CAR), 21 saves from 22 shots - (0.955), W, 16-24-3, 60:00 minutes

Players Stats for Red Wings

Player Name              G  A  P  +/- PIM S  H  SB GA TA FO     MP     PP MP  PK MP  
------------------------------------------------------------------------------------
Alex Pietrangelo         0  0  0  -1  0   0  0  2  0  0  0/0    21:08   3:23   6:13 
Alex Tuch                0  0  0   0  0   2  0  0  0  0  0/1    14:55   2:48   0:00 
Brayden McNabb           0  0  0   0  12  0  2  1  0  0  0/0    16:04   0:00   3:34 
Elias Pettersson         1  0  1  -1  0   1  1  0  0  0  0/0    13:54   2:15   0:00 
Esa Lindell              0  0  0   0  0   4  1  1  0  0  0/0    22:11   1:40   7:55 
Jani Hakanpaa            0  0  0   0  2   1  3  0  0  0  0/0    19:54   0:00   7:34 
Jeff Petry               0  0  0  -1  0   1  3  2  0  0  0/0    24:19   3:23   9:24 
Joel Eriksson Ek         0  0  0   0  0   1  4  2  0  0  19/39  22:08   0:00  10:01 
Josh Anderson            0  0  0   0  2   0  0  0  0  0  0/0    10:08   0:00   9:10 
Leon Draisaitl           0  1  1   0  0   4  1  1  0  0  2/4    15:57   2:15   1:35 
Marcus Foligno           0  0  0   0  0   0  0  0  0  0  0/0     7:49   0:00   7:49 
Mika Zibanejad           0  0  0   0  0   1  1  0  0  0  24/38  23:12   2:48   7:41 
Pavel Buchnevich         0  0  0  -1  2   3  1  0  0  0  0/3    13:53   2:15   0:00 
Ryan Nugent-Hopkins      0  0  0   0  2   3  1  1  0  0  0/0    15:11   2:48   0:40 
T.J. Oshie               0  0  0   0  0   1  1  0  0  0  0/0     0:59   0:00   0:00 
Tage Thompson            0  0  0  -1  0   0  1  0  0  0  4/13   11:39   0:00   0:00 
Victor Hedman            0  0  0   0  0   0  0  0  0  0  0/0    16:17   1:40   2:16 
Zach Hyman               0  0  0   0  0   0  1  0  0  0  1/2    11:44   0:00   0:00 

Players Stats for Hurricanes

Player Name              G  A  P  +/- PIM S  H  SB GA TA FO     MP     PP MP  PK MP  
------------------------------------------------------------------------------------
Alec Martinez            0  0  0   0  0   0  0  0  0  0  0/0     1:23   0:10   1:13 
Andrew Mangiapane        0  1  1   0  0   4  1  0  0  0  2/4    19:56   8:39   0:00 
Brandon Montour          0  1  1   0  0   5  2  0  0  0  0/0    21:38   9:55   0:00 
Chandler Stephenson      0  0  0   0  0   5  0  0  0  0  1/1    20:20   9:03   0:00 
Chris Tierney            0  0  0   0  0   1  1  0  0  0  7/12   14:51   0:00   1:57 
Curtis Lazar             0  0  0   0  2   0  0  0  0  0  2/2     5:46   0:00   1:50 
Drake Caggiula           0  0  0   0  0   1  0  0  0  0  0/0     5:07   0:00   1:10 
Dylan DeMelo             0  0  0   0  0   0  1  1  0  0  0/0    14:15   0:00   2:53 
Evgeni Malkin            0  0  0   1  0   3  3  0  0  0  11/26  21:06   9:15   0:00 
Jonathan Marchessault    1  1  2   1  0   2  1  1  0  0  0/3    21:06   9:15   0:00 
Justin Holl              0  1  1   1  4   3  1  0  0  0  0/0    22:42   8:23   0:57 
Mason Marchment          0  0  0   0  0   3  1  0  0  0  0/1    12:11   0:44   2:03 
Max Domi                 0  0  0   1  0   2  1  0  0  0  0/3    22:53   9:15   1:20 
Mikhail Sergachev        1  0  1   0  0   4  3  2  0  0  0/0    21:38   9:55   0:00 
Nick Holden              0  0  0   0  0   0  0  3  0  0  0/0    14:25   0:10   2:53 
Patrice Bergeron         1  0  1   0  0   9  0  0  0  0  19/32  19:56   8:39   0:00 
Phillip Danault          0  0  0   0  0   1  1  0  0  0  8/16   11:44   0:34   1:46 
Shayne Gostisbehere      0  1  1   1  0   4  2  0  0  0  0/0    23:57   8:23   2:10 

3 Stars

1 - Jonathan Marchessault (CAR)
2 - Linus Ullmark (DET)
3 - Mikhail Sergachev (CAR)

Power Play

Red Wings - 1 on 3 Attempt(s) - 33.33%
Hurricanes - 2 on 10 Attempt(s) - 20.00%

Penalty Kill

Red Wings - 8 on 10 Attempt(s) - 80.00% - Score 0 goal in Penalty Kill
Hurricanes - 2 on 3 Attempt(s) - 66.67% - Score 0 goal in Penalty Kill

Team Stat

Red Wings - Hits : 21 - Faceoff Wins : 50 - Blocked Shots : 10 - Penalty Minutes : 20
Hurricanes - Hits : 18 - Faceoff Wins : 50 - Blocked Shots : 7 - Penalty Minutes : 6

Official

Referees : Brandon Blandina and Jake Brenk
Linesman : Travis Toomey and Tommy Hughes

Game Notes

No Game Note

Finance

Level 1 -- Attendance: 6000 (100.00%) -- Ticket Income $390,000
Level 2 -- Attendance: 5000 (100.00%) -- Ticket Income $225,000
Level 3 -- Attendance: 2000 (100.00%) -- Ticket Income $80,000
Level 4 -- Attendance: 4000 (100.00%) -- Ticket Income $140,000
Luxury Box -- Attendance: 1000 (100.00%) -- Ticket Income $100,000
Game was played at the RBC Arena.
Total Attendance: 18000 (100.00%)
Total Ticket Income: $935,000
Other Income: $458,150
Total Income: $1,393,150

Red Wings

5 vs 5 Forward 
   Center                   Left Wing                Right Wing               Time % Phy DF OF 
 1 Tage Thompson            Elias Pettersson         Pavel Buchnevich         30     1   2  2  
 2 Joel Eriksson Ek         Leon Draisaitl           Alex Tuch                30     1   3  1  
 3 Mika Zibanejad           Ryan Nugent-Hopkins      Zach Hyman               30     0   1  4  
 4 Mika Zibanejad           Josh Anderson            T.J. Oshie               10     1   3  1  

5 vs 5 Defense 
   Defense                  Defense                                           Time % Phy DF OF 
 1 Alex Pietrangelo         Jeff Petry                                        34     1   2  2  
 2 Brayden McNabb           Esa Lindell                                       33     0   4  1  
 3 Victor Hedman            Jani Hakanpaa                                     33     0   1  4  
 4 Jeff Petry               Alex Pietrangelo                                  0      0   4  1  

PowerPlay Forward 
   Center                   Left Wing                Right Wing               Time % Phy DF OF 
 1 Mika Zibanejad           Ryan Nugent-Hopkins      Alex Tuch                55     1   3  1  
 2 Leon Draisaitl           Elias Pettersson         Pavel Buchnevich         45     1   3  1  

PowerPlay Defense
   Defense                  Defense                                           Time % Phy DF OF 
 1 Alex Pietrangelo         Jeff Petry                                        55     1   3  1  
 2 Esa Lindell              Victor Hedman                                     45     1   3  1  

Penalty Kill 4 Players Forward 
   Center                   Wing                     Time % Phy DF OF 
 1 Joel Eriksson Ek         Josh Anderson            55     0   4  1  
 2 Mika Zibanejad           Marcus Foligno           45     0   4  1  

Penalty Kill 4 Players Defense
   Defense                  Defense                  Time % Phy DF OF 
 1 Jeff Petry               Brayden McNabb           55     0   4  1  
 2 Esa Lindell              Jani Hakanpaa            45     0   4  1  

Penalty Kill - 3 Players Forward 
   Forward                                           Time % Phy DF OF 
 1 Joel Eriksson Ek                                  50     0   5  0  
 2 Mika Zibanejad                                    50     0   5  0  

Penalty Kill - 3 Players Defense
   Defense                  Defense                  Time % Phy DF OF 
 1 Jeff Petry               Jani Hakanpaa            50     0   5  0  
 2 Brayden McNabb           Esa Lindell              50     0   5  0  

4 vs 4 Forward 
   Center                   Wing                     Time % Phy DF OF 
 1 Leon Draisaitl           Elias Pettersson         60     0   3  2  
 2 Mika Zibanejad           Ryan Nugent-Hopkins      40     0   3  2  

4 vs 4 Defense
   Defense                  Defense                  Time % Phy DF OF 
 1 Jeff Petry               Alex Pietrangelo         60     0   3  2  
 2 Jani Hakanpaa            Victor Hedman            40     0   3  2  

Last Minutes Offensive
   Center                   Left Wing                Right Wing               Defense                  Defense                  
   Leon Draisaitl           Elias Pettersson         Alex Tuch                Alex Pietrangelo         Victor Hedman            

Last Minutes Defensive
   Center                   Left Wing                Right Wing               Defense                  Defense                  
   Joel Eriksson Ek         Elias Pettersson         Josh Anderson            Jani Hakanpaa            Esa Lindell              

Goaltenders
Starting : Linus Ullmark            
Backup : Casey DeSmith            

Extra Forwards
Normal : Leon Draisaitl, Elias Pettersson, Ryan Nugent-Hopkins - PP : Tage Thompson, Leon Draisaitl - PK : Leon Draisaitl
Extra Defensemen
Normal : Alex Pietrangelo, Jeff Petry, Victor Hedman - PP : Jeff Petry - PK : Alex Pietrangelo, Victor Hedman
Penalty Shots
T.J. Oshie, Mika Zibanejad, Tage Thompson, Joel Eriksson Ek, Pavel Buchnevich
Custom OT Lines Forwards
Leon Draisaitl, Elias Pettersson, Ryan Nugent-Hopkins, Alex Tuch, Mika Zibanejad, Joel Eriksson Ek, Pavel Buchnevich, Tage Thompson, Zach Hyman, Josh Anderson
Custom OT Lines Defensemen
Jeff Petry, Alex Pietrangelo, Jani Hakanpaa, Victor Hedman, Esa Lindell

Scratches
Jake McCabe (Healthy), MacKenzie Weegar (Healthy), Tanner Jeannot (Healthy)

Hurricanes

5 vs 5 Forward 
   Center                   Left Wing                Right Wing               Time % Phy DF OF 
 1 Evgeni Malkin            Max Domi                 Jonathan Marchessault    32     1   1  3  
 2 Patrice Bergeron         Chandler Stephenson      Andrew Mangiapane        28     1   1  3  
 3 Phillip Danault          Chris Tierney            Mason Marchment          25     1   1  3  
 4 Chris Tierney            Drake Caggiula           Curtis Lazar             15     1   2  2  

5 vs 5 Defense 
   Defense                  Defense                                           Time % Phy DF OF 
 1 Mikhail Sergachev        Brandon Montour                                   35     1   2  2  
 2 Justin Holl              Shayne Gostisbehere                               35     1   2  2  
 3 Dylan DeMelo             Nick Holden                                       30     1   2  2  
 4 Brandon Montour          Mikhail Sergachev                                 0      1   2  2  

PowerPlay Forward 
   Center                   Left Wing                Right Wing               Time % Phy DF OF 
 1 Evgeni Malkin            Max Domi                 Jonathan Marchessault    60     0   0  5  
 2 Patrice Bergeron         Chandler Stephenson      Andrew Mangiapane        40     0   0  5  

PowerPlay Defense
   Defense                  Defense                                           Time % Phy DF OF 
 1 Mikhail Sergachev        Brandon Montour                                   60     0   1  4  
 2 Justin Holl              Shayne Gostisbehere                               40     0   1  4  

Penalty Kill 4 Players Forward 
   Center                   Wing                     Time % Phy DF OF 
 1 Chris Tierney            Curtis Lazar             60     1   3  1  
 2 Phillip Danault          Drake Caggiula           40     1   3  1  

Penalty Kill 4 Players Defense
   Defense                  Defense                  Time % Phy DF OF 
 1 Dylan DeMelo             Nick Holden              60     1   4  0  
 2 Justin Holl              Shayne Gostisbehere      40     1   4  0  

Penalty Kill - 3 Players Forward 
   Forward                                           Time % Phy DF OF 
 1 Chris Tierney                                     60     0   5  0  
 2 Phillip Danault                                   40     0   5  0  

Penalty Kill - 3 Players Defense
   Defense                  Defense                  Time % Phy DF OF 
 1 Dylan DeMelo             Nick Holden              60     1   4  0  
 2 Justin Holl              Shayne Gostisbehere      40     1   4  0  

4 vs 4 Forward 
   Center                   Wing                     Time % Phy DF OF 
 1 Evgeni Malkin            Jonathan Marchessault    60     0   2  3  
 2 Patrice Bergeron         Chandler Stephenson      40     0   2  3  

4 vs 4 Defense
   Defense                  Defense                  Time % Phy DF OF 
 1 Mikhail Sergachev        Brandon Montour          60     1   2  2  
 2 Justin Holl              Shayne Gostisbehere      40     1   2  2  

Last Minutes Offensive
   Center                   Left Wing                Right Wing               Defense                  Defense                  
   Evgeni Malkin            Chandler Stephenson      Jonathan Marchessault    Shayne Gostisbehere      Brandon Montour          

Last Minutes Defensive
   Center                   Left Wing                Right Wing               Defense                  Defense                  
   Phillip Danault          Chandler Stephenson      Curtis Lazar             Justin Holl              Dylan DeMelo             

Goaltenders
Starting : Vitek Vanecek            
Backup : Kaapo Kahkonen           

Extra Forwards
Normal : Evgeni Malkin, Patrice Bergeron, Jonathan Marchessault - PP : Evgeni Malkin, Patrice Bergeron - PK : Curtis Lazar
Extra Defensemen
Normal : Brandon Montour, Mikhail Sergachev, Shayne Gostisbehere - PP : Brandon Montour - PK : Nick Holden, Justin Holl
Penalty Shots
Evgeni Malkin, Chandler Stephenson, Phillip Danault, Max Domi, Jonathan Marchessault
Custom OT Lines Forwards
Evgeni Malkin, Chandler Stephenson, Patrice Bergeron, Jonathan Marchessault, Phillip Danault, Andrew Mangiapane, Max Domi, Mason Marchment, Chris Tierney, Drake Caggiula
Custom OT Lines Defensemen
Mikhail Sergachev, Brandon Montour, Justin Holl, Shayne Gostisbehere, Dylan DeMelo

Scratches
Andreas Athanasiou (Left Forearm Injury), Rasmus Asplund (Healthy)

% Time on Ice - Red Wings

Lines # - Real PCT - Wanted PCT - Time Play
Normal Forward
1 - 32% - 30% - 11:39
2 - 33% - 30% - 12:07
3 - 32% - 30% - 11:44
4 - 3% - 10% - 0:59
Normal Defense
1 - 32% - 34% - 11:32
2 - 35% - 33% - 12:36
3 - 34% - 33% - 12:21
4 - 0% - 0% - 0:00
PP Forward
1 - 55% - 55% - 2:48
2 - 45% - 45% - 2:15
PP Defense
1 - 67% - 55% - 3:23
2 - 33% - 45% - 1:40
PK Forward
1 - 58% - 55% - 10:39
2 - 42% - 45% - 7:49
PK Defense
1 - 55% - 55% - 10:04
2 - 45% - 45% - 8:24
PK3 Forward
1 - 0% - 50%
2 - 0% - 50%
PK3 Defense
1 - 0% - 50%
2 - 0% - 50%
44 Forward
1 - 0% - 60%
2 - 0% - 40%
44 Defense
1 - 0% - 60%
2 - 0% - 40%
Last Minute Offensive  - 0:00
Last Minute Defensive  - 0:00
Total
Forward - 60:00
Defense - 60:00

% Time on Ice - Hurricanes

Lines # - Real PCT - Wanted PCT - Time Play
Normal Forward
1 - 32% - 32% - 11:51
2 - 31% - 28% - 11:17
3 - 26% - 25% - 9:24
4 - 11% - 15% - 3:57
Normal Defense
1 - 32% - 35% - 11:43
2 - 37% - 35% - 13:24
3 - 31% - 30% - 11:22
4 - 0% - 0% - 0:00
PP Forward
1 - 50% - 60% - 9:15
2 - 50% - 40% - 9:13
PP Defense
1 - 55% - 60% - 10:05
2 - 45% - 40% - 8:23
PK Forward
1 - 91% - 60% - 4:37
2 - 9% - 40% - 0:26
PK Defense
1 - 57% - 60% - 2:53
2 - 43% - 40% - 2:10
PK3 Forward
1 - 0% - 60%
2 - 0% - 40%
PK3 Defense
1 - 0% - 60%
2 - 0% - 40%
44 Forward
1 - 0% - 60%
2 - 0% - 40%
44 Defense
1 - 0% - 60%
2 - 0% - 40%
Last Minute Offensive  - 0:00
Last Minute Defensive  - 0:00
Total
Forward - 60:00
Defense - 60:00

Play-by-Play

1st period


0:01 of 1st period - Evgeni Malkin wins face-off versus Tage Thompson in neutral zone.
0:03 of 1st period - Mikhail Sergachev is hit by Jeff Petry and loses puck.
0:08 of 1st period - Shot by Evgeni Malkin.
0:08 of 1st period - Shot Blocked by Alex Pietrangelo.
0:31 of 1st period - Mikhail Sergachev is hit by Pavel Buchnevich and loses puck.
0:41 of 1st period - Icing by Jeff Petry.
0:42 of 1st period - Patrice Bergeron wins face-off versus Pavel Buchnevich in Red Wings zone.
0:47 of 1st period - Shot by Andrew Mangiapane.
0:47 of 1st period - Shot Misses the Net.
0:49 of 1st period - Shot by Shayne Gostisbehere.
0:49 of 1st period - Stopped by Linus Ullmark with a rebound.
0:51 of 1st period - Shot by Shayne Gostisbehere.
0:51 of 1st period - Stopped by Linus Ullmark without a rebound.
0:52 of 1st period - Phillip Danault wins face-off versus Joel Eriksson Ek in Red Wings zone.
0:54 of 1st period - Minor Penalty to Brayden McNabb for Tripping.
0:55 of 1st period - Patrice Bergeron wins face-off versus Joel Eriksson Ek in Red Wings zone.
1:06 of 1st period - Shot by Patrice Bergeron.
1:06 of 1st period - Shot Misses the Net.
1:22 of 1st period - Shot by Chandler Stephenson.
1:22 of 1st period - Shot Misses the Net.
2:14 of 1st period - Shot by Evgeni Malkin.
2:14 of 1st period - Stopped by Linus Ullmark without a rebound.
2:15 of 1st period - Mika Zibanejad wins face-off versus Evgeni Malkin in Red Wings zone.
2:26 of 1st period - Shot by Brandon Montour.
2:26 of 1st period - Stopped by Linus Ullmark without a rebound.
2:27 of 1st period - Patrice Bergeron wins face-off versus Mika Zibanejad in Red Wings zone.
2:54 of 1st period - Shot by Patrice Bergeron.
2:54 of 1st period - Deflect By Mason Marchment.
2:54 of 1st period - Stopped by Linus Ullmark without a rebound.
2:55 of 1st period - Joel Eriksson Ek wins face-off versus Phillip Danault in Red Wings zone.
3:08 of 1st period - Shot by Alex Tuch.
3:08 of 1st period - Shot Blocked by Nick Holden.
3:10 of 1st period - Shot by Alex Tuch.
3:10 of 1st period - Shot Misses the Net.
3:20 of 1st period - Shot by Joel Eriksson Ek.
3:20 of 1st period - Shot Misses the Net.
3:28 of 1st period - Shot by Alex Tuch.
3:28 of 1st period - Shot Misses the Net.
3:30 of 1st period - Shot by Joel Eriksson Ek.
3:30 of 1st period - Stopped by Vitek Vanecek without a rebound.
3:31 of 1st period - Mika Zibanejad wins face-off versus Evgeni Malkin in Hurricanes zone.
3:57 of 1st period - Evgeni Malkin is hit by Esa Lindell.
5:26 of 1st period - Shot by Leon Draisaitl.
5:26 of 1st period - Shot Misses the Net.
5:30 of 1st period - Shot by Leon Draisaitl.
5:30 of 1st period - Stopped by Vitek Vanecek without a rebound.
5:31 of 1st period - Chris Tierney wins face-off versus Mika Zibanejad in Hurricanes zone.
5:31 of 1st period - Curtis Lazar is hit by T.J. Oshie and loses puck.
5:32 of 1st period - Minor Penalty to Josh Anderson for High sticking.
5:33 of 1st period - Evgeni Malkin wins face-off versus Joel Eriksson Ek in Red Wings zone.
6:38 of 1st period - Shot by Patrice Bergeron.
6:38 of 1st period - Stopped by Linus Ullmark without a rebound.
6:39 of 1st period - Evgeni Malkin wins face-off versus Joel Eriksson Ek in Red Wings zone.
6:48 of 1st period - Shot by Max Domi.
6:48 of 1st period - Shot Misses the Net.
6:50 of 1st period - Shot by Justin Holl.
6:50 of 1st period - Shot Misses the Net.
6:52 of 1st period - Shot by Justin Holl.
6:52 of 1st period - Deflect By Max Domi.
6:52 of 1st period - Shot Misses the Net.
6:56 of 1st period - Shot by Evgeni Malkin.
6:56 of 1st period - Stopped by Linus Ullmark with a rebound.
7:32 of 1st period - Patrice Bergeron is hit by Jani Hakanpaa and loses puck.
8:42 of 1st period - Minor Penalty to Pavel Buchnevich for Slashing.
8:43 of 1st period - Patrice Bergeron wins face-off versus Mika Zibanejad in Red Wings zone.
8:48 of 1st period - Shot by Shayne Gostisbehere.
8:48 of 1st period - Shot Misses the Net.
8:56 of 1st period - Shot by Patrice Bergeron.
8:56 of 1st period - Stopped by Linus Ullmark without a rebound.
8:57 of 1st period - Joel Eriksson Ek wins face-off versus Evgeni Malkin in Red Wings zone.
9:16 of 1st period - Shot by Evgeni Malkin.
9:16 of 1st period - Shot Misses the Net.
9:36 of 1st period - Shot by Chandler Stephenson.
9:36 of 1st period - Stopped by Linus Ullmark without a rebound.
9:37 of 1st period - Patrice Bergeron wins face-off versus Joel Eriksson Ek in Red Wings zone.
9:46 of 1st period - Shot by Patrice Bergeron.
9:46 of 1st period - Goal by Patrice Bergeron - Red Wings : 0 - Hurricanes : 1.
9:47 of 1st period - Mika Zibanejad wins face-off versus Phillip Danault in neutral zone.
9:47 of 1st period - Ryan Nugent-Hopkins is hit by Chris Tierney.
10:10 of 1st period - Icing by Zach Hyman.
10:11 of 1st period - Patrice Bergeron wins face-off versus Mika Zibanejad in Red Wings zone.
10:31 of 1st period - Patrice Bergeron is hit by Brayden McNabb and loses puck.
10:45 of 1st period - Patrice Bergeron is hit by Brayden McNabb.
10:52 of 1st period - Minor Penalty to Brayden McNabb for Hooking.
10:53 of 1st period - Joel Eriksson Ek wins face-off versus Evgeni Malkin in Red Wings zone.
10:53 of 1st period - Joel Eriksson Ek is hit by Evgeni Malkin.
11:00 of 1st period - Alex Pietrangelo is hit by Brandon Montour and loses puck.
11:25 of 1st period - Shot by Brandon Montour.
11:25 of 1st period - Shot Misses the Net.
11:27 of 1st period - Shot by Mikhail Sergachev.
11:27 of 1st period - Shot Misses the Net.
11:29 of 1st period - Shot by Mikhail Sergachev.
11:29 of 1st period - Stopped by Linus Ullmark without a rebound.
11:30 of 1st period - Patrice Bergeron wins face-off versus Mika Zibanejad in Red Wings zone.
12:04 of 1st period - Shot by Andrew Mangiapane.
12:04 of 1st period - Shot Misses the Net.
12:24 of 1st period - Shot by Mikhail Sergachev.
12:24 of 1st period - Goal by Mikhail Sergachev - Red Wings : 0 - Hurricanes : 2.
12:25 of 1st period - Chris Tierney wins face-off versus Pavel Buchnevich in neutral zone.
12:49 of 1st period - Icing by Dylan DeMelo.
12:50 of 1st period - Joel Eriksson Ek wins face-off versus Chris Tierney in Hurricanes zone.
13:04 of 1st period - Drake Caggiula is hit by Jani Hakanpaa and loses puck.
13:43 of 1st period - Shot by Jonathan Marchessault.
13:43 of 1st period - Goal by Jonathan Marchessault - Red Wings : 0 - Hurricanes : 3.
13:44 of 1st period - Mika Zibanejad wins face-off versus Patrice Bergeron in neutral zone.
14:13 of 1st period - Icing by Jeff Petry.
14:14 of 1st period - Evgeni Malkin wins face-off versus Zach Hyman in Red Wings zone.
14:53 of 1st period - Shot by Alex Tuch.
14:53 of 1st period - Stopped by Vitek Vanecek without a rebound.
14:54 of 1st period - Tage Thompson wins face-off versus Phillip Danault in Hurricanes zone.
15:42 of 1st period - Icing by Victor Hedman.
15:43 of 1st period - Tage Thompson wins face-off versus Patrice Bergeron in Red Wings zone.
16:21 of 1st period - Shot by Chandler Stephenson.
16:21 of 1st period - Deflect By Patrice Bergeron.
16:21 of 1st period - Stopped by Linus Ullmark with a rebound.
17:01 of 1st period - Shot by Ryan Nugent-Hopkins.
17:01 of 1st period - Stopped by Vitek Vanecek without a rebound.
17:02 of 1st period - Evgeni Malkin wins face-off versus Mika Zibanejad in Hurricanes zone.
17:15 of 1st period - Shot by Evgeni Malkin.
17:15 of 1st period - Stopped by Linus Ullmark without a rebound.
17:16 of 1st period - Tage Thompson wins face-off versus Mason Marchment in Red Wings zone.
17:35 of 1st period - Shot by Elias Pettersson.
17:35 of 1st period - Shot Blocked by Nick Holden.
17:47 of 1st period - Shot by Pavel Buchnevich.
17:47 of 1st period - Shot Blocked by Nick Holden.
17:51 of 1st period - Shot by Pavel Buchnevich.
17:51 of 1st period - Stopped by Vitek Vanecek without a rebound.
17:52 of 1st period - Evgeni Malkin wins face-off versus Joel Eriksson Ek in Hurricanes zone.
17:52 of 1st period - Evgeni Malkin is hit by Leon Draisaitl.
18:03 of 1st period - Off-side.
18:04 of 1st period - Mika Zibanejad wins face-off versus Evgeni Malkin in neutral zone.
18:22 of 1st period - Off-side.
18:23 of 1st period - Curtis Lazar wins face-off versus Joel Eriksson Ek in neutral zone.
18:34 of 1st period - Shot by Esa Lindell.
18:34 of 1st period - Stopped by Vitek Vanecek without a rebound.
18:35 of 1st period - Zach Hyman wins face-off versus Jonathan Marchessault in Hurricanes zone.
18:36 of 1st period - Shot by Mika Zibanejad.
18:36 of 1st period - Shot Blocked by Mikhail Sergachev.
18:58 of 1st period - Shot by Max Domi.
18:58 of 1st period - Stopped by Linus Ullmark without a rebound.
18:59 of 1st period - Phillip Danault wins face-off versus Joel Eriksson Ek in Red Wings zone.
19:04 of 1st period - Shot by Phillip Danault.
19:04 of 1st period - Deflect By Mason Marchment.
19:04 of 1st period - Stopped by Linus Ullmark without a rebound.
19:05 of 1st period - Joel Eriksson Ek wins face-off versus Phillip Danault in Red Wings zone.
19:14 of 1st period - Brayden McNabb is hit by Mason Marchment and loses puck.
19:20 of 1st period - Minor Penalty to Brayden McNabb for Hooking.
19:21 of 1st period - Joel Eriksson Ek wins face-off versus Max Domi in Red Wings zone.
19:29 of 1st period - Icing by Evgeni Malkin.
19:30 of 1st period - Evgeni Malkin wins face-off versus Joel Eriksson Ek in Hurricanes zone.
19:49 of 1st period - Shot by Max Domi.
19:49 of 1st period - Stopped by Linus Ullmark without a rebound.
19:50 of 1st period - Mika Zibanejad wins face-off versus Patrice Bergeron in Red Wings zone.
Goals for this period are 0 for Red Wings vs 3 for Hurricanes.
Shots for this period are 6 for Red Wings vs 18 for Hurricanes.

2nd period


0:01 of 2nd period - Evgeni Malkin wins face-off versus Joel Eriksson Ek in neutral zone.
0:38 of 2nd period - Shot by Max Domi.
0:38 of 2nd period - Shot Misses the Net.
1:32 of 2nd period - Shot by Phillip Danault.
1:32 of 2nd period - Stopped by Linus Ullmark without a rebound.
1:33 of 2nd period - Chris Tierney wins face-off versus Joel Eriksson Ek in Red Wings zone.
1:47 of 2nd period - Icing by Alex Tuch.
1:48 of 2nd period - Patrice Bergeron wins face-off versus Joel Eriksson Ek in Red Wings zone.
1:49 of 2nd period - Shot by Andrew Mangiapane.
1:49 of 2nd period - Shot Blocked by Esa Lindell.
1:51 of 2nd period - Shot by Chandler Stephenson.
1:51 of 2nd period - Stopped by Linus Ullmark without a rebound.
1:52 of 2nd period - Patrice Bergeron wins face-off versus Mika Zibanejad in Red Wings zone.
1:53 of 2nd period - Shot by Andrew Mangiapane.
1:53 of 2nd period - Shot Misses the Net.
1:57 of 2nd period - Shot by Patrice Bergeron.
1:57 of 2nd period - Shot Misses the Net.
1:59 of 2nd period - Shot by Andrew Mangiapane.
1:59 of 2nd period - Shot Misses the Net.
2:07 of 2nd period - Shot by Patrice Bergeron.
2:07 of 2nd period - Stopped by Linus Ullmark without a rebound.
2:08 of 2nd period - Joel Eriksson Ek wins face-off versus Evgeni Malkin in Red Wings zone.
2:14 of 2nd period - Leon Draisaitl is hit by Max Domi and loses puck.
3:17 of 2nd period - Ryan Nugent-Hopkins is hit by Shayne Gostisbehere and loses puck.
3:42 of 2nd period - Shot by Patrice Bergeron.
3:42 of 2nd period - Stopped by Linus Ullmark with a rebound.
3:44 of 2nd period - Shot by Justin Holl.
3:44 of 2nd period - Shot Misses the Net.
3:45 of 2nd period - Minor Penalty to Brayden McNabb for Roughing.
3:46 of 2nd period - Patrice Bergeron wins face-off versus Joel Eriksson Ek in Red Wings zone.
3:59 of 2nd period - Shot by Andrew Mangiapane.
3:59 of 2nd period - Shot Hit the Post.
5:56 of 2nd period - Icing by Dylan DeMelo.
5:57 of 2nd period - Chris Tierney wins face-off versus Tage Thompson in Hurricanes zone.
6:07 of 2nd period - Shot by Chris Tierney.
6:07 of 2nd period - Shot Misses the Net.
6:23 of 2nd period - Shot by Drake Caggiula.
6:23 of 2nd period - Stopped by Linus Ullmark without a rebound.
6:24 of 2nd period - Mika Zibanejad wins face-off versus Phillip Danault in Red Wings zone.
7:06 of 2nd period - Icing by Ryan Nugent-Hopkins.
7:07 of 2nd period - Mika Zibanejad wins face-off versus Max Domi in Red Wings zone.
8:00 of 2nd period - Shot by Patrice Bergeron.
8:00 of 2nd period - Shot Blocked by Leon Draisaitl.
8:02 of 2nd period - Shot by Chandler Stephenson.
8:02 of 2nd period - Shot Blocked by Joel Eriksson Ek.
8:12 of 2nd period - Shot by Chandler Stephenson.
8:12 of 2nd period - Stopped by Linus Ullmark without a rebound.
8:13 of 2nd period - Chris Tierney wins face-off versus Pavel Buchnevich in Red Wings zone.
8:22 of 2nd period - Curtis Lazar is hit by Tage Thompson and loses puck.
9:33 of 2nd period - Shot by Andrew Mangiapane.
9:33 of 2nd period - Stopped by Linus Ullmark without a rebound.
9:34 of 2nd period - Evgeni Malkin wins face-off versus Joel Eriksson Ek in Red Wings zone.
9:53 of 2nd period - Esa Lindell is hit by Jonathan Marchessault.
9:59 of 2nd period - Shayne Gostisbehere is hit by Joel Eriksson Ek and loses puck.
10:26 of 2nd period - Icing by Justin Holl.
10:27 of 2nd period - Mika Zibanejad wins face-off versus Evgeni Malkin in Hurricanes zone.
11:04 of 2nd period - Shot by Andrew Mangiapane.
11:04 of 2nd period - Stopped by Linus Ullmark without a rebound.
11:05 of 2nd period - Phillip Danault wins face-off versus Tage Thompson in Red Wings zone.
11:05 of 2nd period - Mason Marchment is hit by Jeff Petry and loses puck.
11:30 of 2nd period - Shot by Pavel Buchnevich.
11:30 of 2nd period - Stopped by Vitek Vanecek without a rebound.
11:31 of 2nd period - Patrice Bergeron wins face-off versus Joel Eriksson Ek in Hurricanes zone.
11:31 of 2nd period - Patrice Bergeron is hit by Joel Eriksson Ek.
11:40 of 2nd period - Off-side.
11:41 of 2nd period - Patrice Bergeron wins face-off versus Mika Zibanejad in neutral zone.
11:43 of 2nd period - Minor Penalty to Jani Hakanpaa for Hooking.
11:44 of 2nd period - Joel Eriksson Ek wins face-off versus Patrice Bergeron in Red Wings zone.
12:23 of 2nd period - Shot by Chandler Stephenson.
12:23 of 2nd period - Shot Misses the Net.
12:25 of 2nd period - Shot by Andrew Mangiapane.
12:25 of 2nd period - Stopped by Linus Ullmark without a rebound.
12:26 of 2nd period - Mika Zibanejad wins face-off versus Jonathan Marchessault in Red Wings zone.
12:59 of 2nd period - Shot by Justin Holl.
12:59 of 2nd period - Stopped by Linus Ullmark with a rebound.
13:01 of 2nd period - Shot by Justin Holl.
13:01 of 2nd period - Shot Misses the Net.
13:03 of 2nd period - Shot by Shayne Gostisbehere.
13:03 of 2nd period - Stopped by Linus Ullmark without a rebound.
13:04 of 2nd period - Joel Eriksson Ek wins face-off versus Patrice Bergeron in Red Wings zone.
13:15 of 2nd period - Shot by Brandon Montour.
13:15 of 2nd period - Shot Misses the Net.
13:17 of 2nd period - Shot by Mikhail Sergachev.
13:17 of 2nd period - Stopped by Linus Ullmark without a rebound.
13:18 of 2nd period - Joel Eriksson Ek wins face-off versus Evgeni Malkin in Red Wings zone.
13:25 of 2nd period - Shot by Brandon Montour.
13:25 of 2nd period - Shot Misses the Net.
13:27 of 2nd period - Shot by Brandon Montour.
13:27 of 2nd period - Shot Misses the Net.
13:29 of 2nd period - Shot by Mikhail Sergachev.
13:29 of 2nd period - Shot Blocked by Joel Eriksson Ek.
13:31 of 2nd period - Shot by Brandon Montour.
13:31 of 2nd period - Shot Misses the Net.
13:33 of 2nd period - Shot by Brandon Montour.
13:33 of 2nd period - Stopped by Linus Ullmark with a rebound.
13:35 of 2nd period - Shot by Evgeni Malkin.
13:35 of 2nd period - Shot Misses the Net.
13:37 of 2nd period - Shot by Mikhail Sergachev.
13:37 of 2nd period - Shot Blocked by Alex Pietrangelo.
13:41 of 2nd period - Shot by Jonathan Marchessault.
13:41 of 2nd period - Stopped by Linus Ullmark without a rebound.
13:42 of 2nd period - Andrew Mangiapane wins face-off versus Mika Zibanejad in Red Wings zone.
13:47 of 2nd period - Shot by Mason Marchment.
13:47 of 2nd period - Stopped by Linus Ullmark without a rebound.
13:48 of 2nd period - Mika Zibanejad wins face-off versus Phillip Danault in Red Wings zone.
14:13 of 2nd period - Mason Marchment is hit by Ryan Nugent-Hopkins and loses puck.
14:33 of 2nd period - Icing by Justin Holl.
14:34 of 2nd period - Joel Eriksson Ek wins face-off versus Phillip Danault in Hurricanes zone.
14:34 of 2nd period - Joel Eriksson Ek is hit by Justin Holl.
14:40 of 2nd period - Shot by Leon Draisaitl.
14:40 of 2nd period - Stopped by Vitek Vanecek with a rebound.
14:45 of 2nd period - Minor Penalty to Justin Holl for Interference.
14:46 of 2nd period - Phillip Danault wins face-off versus Leon Draisaitl in Hurricanes zone.
15:41 of 2nd period - Shot by Ryan Nugent-Hopkins.
15:41 of 2nd period - Shot Misses the Net.
15:43 of 2nd period - Shot by Alex Tuch.
15:43 of 2nd period - Shot Misses the Net.
15:45 of 2nd period - Shot by Esa Lindell.
15:45 of 2nd period - Shot Misses the Net.
15:47 of 2nd period - Shot by Esa Lindell.
15:47 of 2nd period - Stopped by Vitek Vanecek without a rebound.
15:48 of 2nd period - Mika Zibanejad wins face-off versus Chris Tierney in Hurricanes zone.
16:13 of 2nd period - Shot by Mika Zibanejad.
16:13 of 2nd period - Stopped by Vitek Vanecek without a rebound.
16:14 of 2nd period - Leon Draisaitl wins face-off versus Phillip Danault in Hurricanes zone.
16:19 of 2nd period - Shot by Leon Draisaitl.
16:19 of 2nd period - Stopped by Vitek Vanecek without a rebound.
16:20 of 2nd period - Chris Tierney wins face-off versus Leon Draisaitl in Hurricanes zone.
16:20 of 2nd period - Chris Tierney is hit by Elias Pettersson.
16:42 of 2nd period - Shot by Leon Draisaitl.
16:42 of 2nd period - Shot Misses the Net.
16:59 of 2nd period - Ryan Nugent-Hopkins is hit by Mikhail Sergachev and loses puck.
17:17 of 2nd period - Zach Hyman is hit by Mikhail Sergachev.
17:24 of 2nd period - Mika Zibanejad is hit by Brandon Montour and loses puck.
17:34 of 2nd period - Icing by Brandon Montour.
17:35 of 2nd period - Patrice Bergeron wins face-off versus Tage Thompson in Hurricanes zone.
18:05 of 2nd period - Elias Pettersson is hit by Dylan DeMelo and loses puck.
18:12 of 2nd period - Shot by Elias Pettersson.
18:12 of 2nd period - Deflect By Tage Thompson.
18:12 of 2nd period - Shot Blocked by Jonathan Marchessault.
18:14 of 2nd period - Shot by Pavel Buchnevich.
18:14 of 2nd period - Stopped by Vitek Vanecek without a rebound.
18:15 of 2nd period - Phillip Danault wins face-off versus Alex Tuch in Hurricanes zone.
18:34 of 2nd period - Justin Holl is hit by Joel Eriksson Ek.
18:40 of 2nd period - Shot by Phillip Danault.
18:40 of 2nd period - Shot Blocked by Brayden McNabb.
18:50 of 2nd period - Minor Penalty to Justin Holl for Goalie Interference.
18:51 of 2nd period - Mika Zibanejad wins face-off versus Chris Tierney in Hurricanes zone.
19:04 of 2nd period - Shot by Jeff Petry.
19:04 of 2nd period - Stopped by Vitek Vanecek with a rebound.
19:27 of 2nd period - Shot by Ryan Nugent-Hopkins.
19:27 of 2nd period - Shot Misses the Net.
19:55 of 2nd period - Shot by Elias Pettersson.
19:55 of 2nd period - Goal by Elias Pettersson - Red Wings : 1 - Hurricanes : 3.
19:56 of 2nd period - Patrice Bergeron wins face-off versus Tage Thompson in neutral zone.
Goals for this period are 1 for Red Wings vs 0 for Hurricanes.
Shots for this period are 8 for Red Wings vs 15 for Hurricanes.

3rd period


0:01 of 3rd period - Joel Eriksson Ek wins face-off versus Evgeni Malkin in neutral zone.
0:03 of 3rd period - Alex Tuch is hit by Shayne Gostisbehere and loses puck.
1:07 of 3rd period - Minor Penalty to Brayden McNabb for High sticking.
1:08 of 3rd period - Mika Zibanejad wins face-off versus Patrice Bergeron in Red Wings zone.
1:14 of 3rd period - Icing by Mikhail Sergachev.
1:15 of 3rd period - Mika Zibanejad wins face-off versus Andrew Mangiapane in Hurricanes zone.
1:20 of 3rd period - Shot by Mika Zibanejad.
1:20 of 3rd period - Deflect By Marcus Foligno.
1:20 of 3rd period - Shot Misses the Net.
1:23 of 3rd period - Icing by Brandon Montour.
1:24 of 3rd period - Joel Eriksson Ek wins face-off versus Patrice Bergeron in Hurricanes zone.
2:34 of 3rd period - Shot by Max Domi.
2:34 of 3rd period - Shot Misses the Net.
2:47 of 3rd period - Off-side.
2:48 of 3rd period - Andrew Mangiapane wins face-off versus Joel Eriksson Ek in neutral zone.
2:51 of 3rd period - Shot by Brandon Montour.
2:51 of 3rd period - Stopped by Linus Ullmark with a rebound.
2:57 of 3rd period - Shot by Patrice Bergeron.
2:57 of 3rd period - Stopped by Linus Ullmark with a rebound.
2:59 of 3rd period - Shot by Andrew Mangiapane.
2:59 of 3rd period - Shot Misses the Net.
3:01 of 3rd period - Shot by Brandon Montour.
3:01 of 3rd period - Shot Misses the Net.
4:00 of 3rd period - Shot by Zach Hyman.
4:00 of 3rd period - Shot Misses the Net.
4:21 of 3rd period - Minor Penalty to Ryan Nugent-Hopkins for Holding.
4:22 of 3rd period - Joel Eriksson Ek wins face-off versus Patrice Bergeron in Red Wings zone.
4:37 of 3rd period - Shot by Brandon Montour.
4:37 of 3rd period - Stopped by Linus Ullmark with a rebound.
4:39 of 3rd period - Shot by Patrice Bergeron.
4:39 of 3rd period - Deflect By Chandler Stephenson.
4:39 of 3rd period - Stopped by Linus Ullmark without a rebound.
4:40 of 3rd period - Mika Zibanejad wins face-off versus Evgeni Malkin in Red Wings zone.
4:56 of 3rd period - Shot by Jonathan Marchessault.
4:56 of 3rd period - Shot Blocked by Jeff Petry.
4:58 of 3rd period - Shot by Justin Holl.
4:58 of 3rd period - Stopped by Linus Ullmark without a rebound.
4:59 of 3rd period - Patrice Bergeron wins face-off versus Joel Eriksson Ek in Red Wings zone.
5:16 of 3rd period - Shot by Brandon Montour.
5:16 of 3rd period - Shot Misses the Net.
5:31 of 3rd period - Off-side.
5:32 of 3rd period - Mika Zibanejad wins face-off versus Evgeni Malkin in neutral zone.
5:32 of 3rd period - Mika Zibanejad is hit by Evgeni Malkin.
5:41 of 3rd period - Shot by Evgeni Malkin.
5:41 of 3rd period - Shot Misses the Net.
5:43 of 3rd period - Shot by Justin Holl.
5:43 of 3rd period - Shot Misses the Net.
5:45 of 3rd period - Shot by Justin Holl.
5:45 of 3rd period - Stopped by Linus Ullmark without a rebound.
5:46 of 3rd period - Mika Zibanejad wins face-off versus Evgeni Malkin in Red Wings zone.
5:46 of 3rd period - Mika Zibanejad is hit by Evgeni Malkin.
6:14 of 3rd period - Shot by Brandon Montour.
6:14 of 3rd period - Stopped by Linus Ullmark without a rebound.
6:15 of 3rd period - Mika Zibanejad wins face-off versus Patrice Bergeron in Red Wings zone.
6:38 of 3rd period - Shot by Chris Tierney.
6:38 of 3rd period - Stopped by Linus Ullmark without a rebound.
6:39 of 3rd period - Mika Zibanejad wins face-off versus Patrice Bergeron in Red Wings zone.
6:46 of 3rd period - Shot by Ryan Nugent-Hopkins.
6:46 of 3rd period - Shot Misses the Net.
6:58 of 3rd period - Shot by Andrew Mangiapane.
6:58 of 3rd period - Stopped by Linus Ullmark without a rebound.
6:59 of 3rd period - Joel Eriksson Ek wins face-off versus Evgeni Malkin in Red Wings zone.
7:38 of 3rd period - Shot by Alex Tuch.
7:38 of 3rd period - Shot Misses the Net.
7:59 of 3rd period - Minor Penalty to Brayden McNabb for Hooking.
8:00 of 3rd period - Mika Zibanejad wins face-off versus Patrice Bergeron in Red Wings zone.
8:11 of 3rd period - Shot by Patrice Bergeron.
8:11 of 3rd period - Shot Misses the Net.
8:13 of 3rd period - Shot by Justin Holl.
8:13 of 3rd period - Shot Blocked by Jeff Petry.
8:15 of 3rd period - Shot by Patrice Bergeron.
8:15 of 3rd period - Shot Misses the Net.
8:17 of 3rd period - Shot by Andrew Mangiapane.
8:17 of 3rd period - Deflect By Patrice Bergeron.
8:17 of 3rd period - Stopped by Linus Ullmark without a rebound.
8:18 of 3rd period - Patrice Bergeron wins face-off versus Joel Eriksson Ek in Red Wings zone.
9:26 of 3rd period - Icing by Evgeni Malkin.
9:27 of 3rd period - Joel Eriksson Ek wins face-off versus Max Domi in Hurricanes zone.
9:30 of 3rd period - Shot by Joel Eriksson Ek.
9:30 of 3rd period - Shot Misses the Net.
10:07 of 3rd period - Phillip Danault is hit by Jani Hakanpaa and loses puck.
10:13 of 3rd period - Icing by Victor Hedman.
10:14 of 3rd period - Curtis Lazar wins face-off versus Tage Thompson in Red Wings zone.
10:19 of 3rd period - Shot by Shayne Gostisbehere.
10:19 of 3rd period - Stopped by Linus Ullmark without a rebound.
10:20 of 3rd period - Mika Zibanejad wins face-off versus Patrice Bergeron in Red Wings zone.
10:25 of 3rd period - Nick Holden is hit by Mika Zibanejad and loses puck.
11:12 of 3rd period - Icing by Esa Lindell.
11:13 of 3rd period - Evgeni Malkin wins face-off versus Mika Zibanejad in Red Wings zone.
11:27 of 3rd period - Shot by Jonathan Marchessault.
11:27 of 3rd period - Deflect By Evgeni Malkin.
11:27 of 3rd period - Shot Misses the Net.
11:52 of 3rd period - Off-side.
11:53 of 3rd period - Phillip Danault wins face-off versus Tage Thompson in neutral zone.
12:26 of 3rd period - Pavel Buchnevich is hit by Phillip Danault and loses puck.
12:51 of 3rd period - Icing by Nick Holden.
12:52 of 3rd period - Chandler Stephenson wins face-off versus Joel Eriksson Ek in Hurricanes zone.
12:56 of 3rd period - Icing by Andrew Mangiapane.
12:57 of 3rd period - Patrice Bergeron wins face-off versus Joel Eriksson Ek in Hurricanes zone.
13:02 of 3rd period - Jani Hakanpaa is hit by Andrew Mangiapane and loses puck.
13:27 of 3rd period - Shot by Leon Draisaitl.
13:27 of 3rd period - Shot Misses the Net.
13:39 of 3rd period - Shot by Alex Tuch.
13:39 of 3rd period - Stopped by Vitek Vanecek without a rebound.
13:40 of 3rd period - Evgeni Malkin wins face-off versus Mika Zibanejad in Hurricanes zone.
13:40 of 3rd period - Evgeni Malkin is hit by Zach Hyman.
13:46 of 3rd period - Shot by Mikhail Sergachev.
13:46 of 3rd period - Shot Misses the Net.
13:48 of 3rd period - Shot by Mikhail Sergachev.
13:48 of 3rd period - Stopped by Linus Ullmark without a rebound.
13:49 of 3rd period - Chris Tierney wins face-off versus Tage Thompson in Red Wings zone.
13:53 of 3rd period - Minor Penalty to Curtis Lazar for Hooking.
13:54 of 3rd period - Mika Zibanejad wins face-off versus Chris Tierney in Hurricanes zone.
14:21 of 3rd period - Shot by Ryan Nugent-Hopkins.
14:21 of 3rd period - Stopped by Vitek Vanecek without a rebound.
14:22 of 3rd period - Leon Draisaitl wins face-off versus Chris Tierney in Hurricanes zone.
14:55 of 3rd period - Shot by Victor Hedman.
14:55 of 3rd period - Shot Misses the Net.
15:33 of 3rd period - Shot by Ryan Nugent-Hopkins.
15:33 of 3rd period - Stopped by Vitek Vanecek without a rebound.
15:34 of 3rd period - Phillip Danault wins face-off versus Mika Zibanejad in Hurricanes zone.
15:57 of 3rd period - Shot by T.J. Oshie.
15:57 of 3rd period - Stopped by Vitek Vanecek without a rebound.
15:58 of 3rd period - Tage Thompson wins face-off versus Jonathan Marchessault in Hurricanes zone.
16:07 of 3rd period - Shot by Tage Thompson.
16:07 of 3rd period - Shot Blocked by Mikhail Sergachev.
16:15 of 3rd period - Elias Pettersson is hit by Mikhail Sergachev and loses puck.
16:20 of 3rd period - Shot by Elias Pettersson.
16:20 of 3rd period - Shot Misses the Net.
16:22 of 3rd period - Shot by Esa Lindell.
16:22 of 3rd period - Stopped by Vitek Vanecek without a rebound.
16:23 of 3rd period - Joel Eriksson Ek wins face-off versus Andrew Mangiapane in Hurricanes zone.
16:26 of 3rd period - Shot by Leon Draisaitl.
16:26 of 3rd period - Stopped by Vitek Vanecek without a rebound.
16:27 of 3rd period - Mika Zibanejad wins face-off versus Patrice Bergeron in Hurricanes zone.
16:36 of 3rd period - Shot by Patrice Bergeron.
16:36 of 3rd period - Deflect By Chandler Stephenson.
16:36 of 3rd period - Stopped by Linus Ullmark without a rebound.
16:37 of 3rd period - Joel Eriksson Ek wins face-off versus Evgeni Malkin in Red Wings zone.
16:42 of 3rd period - Shot by Alex Tuch.
16:42 of 3rd period - Shot Misses the Net.
16:44 of 3rd period - Shot by Jani Hakanpaa.
16:44 of 3rd period - Stopped by Vitek Vanecek without a rebound.
16:45 of 3rd period - Joel Eriksson Ek wins face-off versus Evgeni Malkin in Hurricanes zone.
16:58 of 3rd period - Shot by Joel Eriksson Ek.
16:58 of 3rd period - Shot Misses the Net.
17:22 of 3rd period - Shayne Gostisbehere is hit by Joel Eriksson Ek.
17:25 of 3rd period - Off-side.
17:26 of 3rd period - Patrice Bergeron wins face-off versus Mika Zibanejad in neutral zone.
17:28 of 3rd period - Mikhail Sergachev is hit by Jeff Petry and loses puck.
17:37 of 3rd period - Shot by Patrice Bergeron.
17:37 of 3rd period - Stopped by Linus Ullmark without a rebound.
17:38 of 3rd period - Phillip Danault wins face-off versus Tage Thompson in Red Wings zone.
17:53 of 3rd period - Shot by Tage Thompson.
17:53 of 3rd period - Shot Misses the Net.
18:03 of 3rd period - Shot by Elias Pettersson.
18:03 of 3rd period - Shot Blocked by Dylan DeMelo.
18:05 of 3rd period - Shot by Esa Lindell.
18:05 of 3rd period - Stopped by Vitek Vanecek without a rebound.
18:06 of 3rd period - Patrice Bergeron wins face-off versus Mika Zibanejad in Hurricanes zone.
18:33 of 3rd period - Shot by Patrice Bergeron.
18:33 of 3rd period - Deflect By Chandler Stephenson.
18:33 of 3rd period - Shot Blocked by Ryan Nugent-Hopkins.
Goals for this period are 0 for Red Wings vs 0 for Hurricanes.
Shots for this period are 8 for Red Wings vs 14 for Hurricanes.